 Dungeon Crawl Stone Soup version 0.29.1-15-g9cfb28693d (webtiles) character file.

Game seed: 13412187923958191064

48 Gabide the Sneak (level 3, 0/17 HPs)
             Began as a Felid Delver on Mar 31, 2023.
             Slain by a hobgoblin
             ... wielding a +0 dagger
              (5 damage)
             ... on level 2 of the Dungeon.
             The game lasted 00:02:45 (567 turns).

Gabide the Sneak (Felid Delver)                      Turns: 567, Time: 00:02:45

Health: 0/17       AC:  1    Str:  8    XL:     3   Next: 50%
Magic:  4/4        EV: 18    Int: 11    God:
Gold:   52         SH:  0    Dex: 19    Spells: 2/2 levels left
                                        Lives:  0   Deaths: 0

rFire   . . .      SeeInvis +     - Unarmed
rCold   . . .      Faith    .   (shield unavailable)
rNeg    . . .      Spirit   .   (body armour unavailable)
rPois   .          Reflect  .   (helmet unavailable)
rElec   .          Harm     .   (cloak unavailable)
rCorr   .          Rampage  .   (gloves unavailable)
Will    .....                   (boots unavailable)
Stlth   ++++......              (no amulet)
HPRegen 0.05/turn               (no ring)
MPRegen 0.09/turn               (no ring)

@: quick
A: very small, claws 1, fangs 3, see invisible, speed 1, shaggy fur 1, stealthy
paws, no weapons or thrown items, no armour, multi-lived
a: no special abilities


You were on level 2 of the Dungeon.
You visited 1 branch of the dungeon, and saw 4 of its levels.

You collected 52 gold pieces.

Inventory:

Wands
 e - a wand of digging (3)
Scrolls
 b - a scroll of magic mapping
 f - a scroll of noise {unknown}
 g - a scroll of acquirement {unknown}


   Skills:
 + Level 3.3 Fighting
 + Level 3.3 Dodging
 + Level 7.0 Stealth
 * Level 2.9 Unarmed Combat


You had 2 spell levels left.
You didn't know any spells.
Your spell library was empty.

Dungeon Overview and Level Annotations

Branches:
Dungeon (5/15)
 Temple: D:4-7

Altars:
Nemelex Xobeh


Innate Abilities, Weirdness & Mutations

You have sharp claws.
You have razor-sharp teeth.
You have supernaturally acute eyesight. (SInv)
You cover ground quickly. (Speed+)
You are covered in fur. (AC +1)
Your paws help you pounce on unaware monsters.
You are incapable of wielding weapons or throwing items.
You cannot wear armour.
You gain extra lives every three experience levels.


Message History

The orc priest looks braver for a moment.
You scratch the orc priest.
You kill the orc priest!
You have reached level 3!
Your experience leads to an increase in your attributes!
Increase (S)trength, (I)ntelligence, or (D)exterity?
You feel agile. x2
A ball python comes into view.
As you read the scroll of fear, it crumbles to dust.
You assume a fearsome visage.
The ball python looks frightened!
The ball python hisses angrily.
The rat looks frightened!
The orc wizard looks frightened!
The orc wizard gestures wildly while chanting.
The orc wizard flickers and vanishes for a moment.
You see here a giant cockroach corpse.
There is an escape hatch in the ceiling here.
A mysterious force pulls you upwards. The hatch slams shut behind you.
The hobgoblin shouts!
You aren't carrying any potions.
Okay, then.
Okay, then.
You scratch the hobgoblin.
The hobgoblin is almost dead.
You barely miss the hobgoblin.
The hobgoblin is almost dead.
The hobgoblin completely misses you.
You scratch the hobgoblin.
You kill the hobgoblin!
Your Stealth skill increases to level 7!
Your extra speed is starting to run out.
You feel yourself slow down.
A hobgoblin comes into view. It is wielding a +0 dagger.
The hobgoblin shouts!
You scratch the hobgoblin but do no damage.
The hobgoblin hits you with a +0 dagger.
* * * LOW HITPOINT WARNING * * *
You scratch the hobgoblin.
The hobgoblin is severely wounded.
The hobgoblin hits you with a +0 dagger.
You die...

.. .. #.
.. ###.
##. # ...
.. .#
#.##.##.#
#.......#
#.......#
##g....##
#@†...#
#.....#
#######


You could see a hobgoblin.

Vanquished Creatures
  An orc priest (D:3)
  A dart slug (D:3)
  An orc (D:3)
  An endoplasm (D:3)
  2 giant cockroaches
  A goblin (D:3)
  4 hobgoblins
  2 frilled lizards (D:3)
  A kobold (D:4)
14 creatures vanquished.

Notes
Turn   | Place    | Note
-------+----------+-------------------------------------------
     0 | D:5      | Gabide the Felid Delver began the quest for the Orb.
     0 | D:5      | Reached XP level 1. HP: 10/10 MP: 2/2
     2 | D:4      | Found a sparkling altar of Nemelex Xobeh.
   192 | D:4      | Noticed an iguana
   333 | D:3      | Reached XP level 2. HP: 14/14 MP: 3/3
   421 | D:3      | Reached XP level 3. HP: 4/17 MP: 4/4
   460 | D:2      | Reached skill level 7 in Stealth
   567 | D:2      | Slain by a hobgoblin

Illustrated notes

Levels and vault maps discovered:
D:2:      layout_loops_cross
D:3:      layout_loops_ring
D:4:      layout_rooms, lemuel_tele_altar, serial_shops, shop,
          portal_sewer_entry_e, chequers_serial_rivers_small_a, uniq_natasha
D:5:      layout_loops_ring, mainiacjoe_overflow_alcove_4, uniq_ijyb,
          uniq_sigmund

Skill      XL: |  1  2  3 |
---------------+----------+-----
Dodging        | 3 |  3.3
Stealth        | 7 |  7.0
Fighting       | |  3.3
Unarmed Combat | |  2.9

Action                   || total
-------------------------++-------
Melee: Unarmed           ||    53
       Bite              ||     5
  Use: Scroll            ||     2
       Potion            ||     1
 Stab: Sleeping          ||     5
Armor: Skin              ||     1
Dodge: Dodged            ||    32
